 Dungeon Crawl Stone Soup version 0.29.1-13-g9f3cf754e1 (webtiles) character file.

Game seed: 10062117138576079687

34 Iago the Shooter (level 3, -7/18 HPs)
             Began as a Spriggan Hunter on Jan 26, 2023.
             Killed from afar by Terence (8 damage)
             ... with a puff of flame
             ... on level 2 of the Dungeon.
             The game lasted 00:06:28 (920 turns).

Iago the Shooter (Spriggan Hunter)                   Turns: 920, Time: 00:06:31

Health: -7/18      AC:  2    Str:  7    XL:     3   Next: 14%
Magic:  4/4        EV: 18    Int: 10    God:
Gold:   67         SH:  0    Dex: 20    Spells: 1/2 levels left

rFire   . . .      SeeInvis +   a - +0 shortbow
rCold   . . .      Faith    .   (shield currently unavailable)
rNeg    . . .      Spirit   .   c - +0 robe
rPois   .          Reflect  .   (helmet restricted)
rElec   .          Harm     .   (no cloak)
rCorr   .          Rampage  .   (gloves unavailable)
Will    .....                   (boots unavailable)
Stlth   ++........              (no amulet)
HPRegen 0.06/turn               (no ring)
MPRegen 0.09/turn               (no ring)

@: very quick
A: very small, no large weapons, unfitting armour, see invisible, speed 3
a: no special abilities


You were on level 2 of the Dungeon.
You visited 1 branch of the dungeon, and saw 2 of its levels.

You collected 67 gold pieces.

Inventory:

Hand Weapons
 a - a +0 shortbow (weapon)
 b - a +0 long sword
Armour
 c - a +0 robe (worn)
Scrolls
 d - 2 scrolls of identify {unknown}
 e - a scroll of summoning {unknown}
 f - 2 scrolls of immolation
 g - a scroll of butterflies {unknown}
 h - a scroll of teleportation {unknown}
 i - a scroll of magic mapping {unknown}
 j - a scroll of acquirement {unknown}
 k - a scroll of noise {unknown}


   Skills:
 - Level 1.7 Fighting
 * Level 4.8 Ranged Weapons
 * Level 3.0 Dodging
 * Level 1.7 Stealth
 * Level 0.3 Spellcasting


You had one spell level left.
You knew the following spells:

 Your Spells              Type           Power      Damage    Failure   Level
a - Freeze                Ice            0%         1d3       36%         1

Your spell library contained the following spells:

 Spells                   Type           Power      Damage    Failure   Level
 Frozen Ramparts          Ice            0%         1d1       73%         3
 Hailstorm                Conj/Ice       0%         3d3       98%         4


Dungeon Overview and Level Annotations

Branches:
Dungeon (2/15)

Altars:

Shops:
D:2 *

Annotations:
D:2 Terence


Innate Abilities, Weirdness & Mutations

You are very small and have problems with some larger weapons.
You are too small for most types of armour.
You have supernaturally acute eyesight. (SInv)
You cover ground extremely quickly. (Speed+++)


Message History

Found a dagger.
You open the door.
Found a cloak.
There is an open door here.
Terence and a frilled lizard come into view.
Terence is wielding a +1 flail of protection and carrying a wand of flame (13).
A bat comes into view.
The bat moves out of view.
Fire: a) +0 shortbow
Press: ? - help, Q - select action, (/) - cycle Shift-Dir - straight line, f - Terence
Aim: Terence, wielding a +1 flail of protection, wearing a +0 chain mail and carrying a wand of flame (13) (asleep, 98% to hit)
You shoot an arrow.
The arrow hits Terence but does no damage.
Terence shouts!
The frilled lizard hisses angrily.
Unknown command.
Fire: a) +0 shortbow
Press: ? - help, Q - select action, (/) - cycle Shift-Dir - straight line, f/p - Terence
Aim: Terence, wielding a +1 flail of protection, wearing a +0 chain mail and carrying a wand of flame (13) (71% to hit)
You shoot an arrow. The arrow hits Terence.
Terence is moderately wounded.
Terence zaps a wand.
The puff of flame hits you! The frilled lizard barely misses you.
The frilled lizard closely misses you.
There is a stone staircase leading up here.
Fire: a) +0 shortbow
Press: ? - help, Q - select action, (/) - cycle Shift-Dir - straight line, f - frilled lizard
Aim: a frilled lizard (48% to hit)
You shoot an arrow. The arrow hits the frilled lizard.
You kill the frilled lizard!
Fire: a) +0 shortbow
Press: ? - help, Q - select action, (/) - cycle Shift-Dir - straight line, f - Terence
Aim: Terence, wielding a +1 flail of protection, wearing a +0 chain mail and carrying a wand of flame (12) (moderately wounded, 71% to hit)
You shoot an arrow.
The arrow hits Terence but does no damage.
Terence is moderately wounded.
Terence zaps a wand.
The puff of flame hits you!
Ouch! That really hurt!
* * * LOW HITPOINT WARNING * * *
Terence zaps a wand.
The puff of flame hits you!
You die...

#.#..#..##...##.#
#.#..#..##...##.#
#.#..#..##...##.####
#.#..#...+...+......
#.#..#.###...##.####
###.#..........(......
#...##.##..######...##
#...#................#
#...#@.##.#.......####
#...#..#..........#...
#...#.)#..........#...
#...#..#...######.#.P.
###'#..#...# #...####
#.....#...# #......#
#...###...# #......#
#..@..# #......#
#........ #......#


You could see Terence.

Vanquished Creatures
  4 bats
  3 endoplasms
  A giant cockroach (D:2)
  3 hobgoblins (D:2)
  2 quokkas (D:1)
  6 ball pythons
  2 frilled lizards (D:2)
  4 goblins
  2 kobolds
  3 rats
  A spectral hobgoblin (D:1)
31 creatures vanquished.

Notes
Turn   | Place    | Note
-------+----------+-------------------------------------------
     0 | D:1      | Iago the Spriggan Hunter began the quest for the Orb.
     0 | D:1      | Reached XP level 1. HP: 10/10 MP: 2/2
   115 | D:1      | Reached XP level 2. HP: 14/15 MP: 3/3
   142 | D:1      | Learned a level 1 spell: Freeze
   146 | D:1      | Found a faded altar of an unknown god.
   765 | D:2      | Reached XP level 3. HP: 18/18 MP: 4/4
   847 | D:2      | Found Duw Meroani's General Store.
   910 | D:2      | Noticed Terence
   920 | D:2      | Killed from afar by Terence

Illustrated notes

Levels and vault maps discovered:
D:1:      heliophobic_arrival_battle_scene, layout_rooms,
          dreamdust_ecumenical_altar_drowned_temple
D:2:      layout_basic, serial_aquarium, aquarium_bridge_square
          [aquarium_subvault_bridge, aquarium_subvault_wall,
          aquarium_subvault_bridge, aquarium_subvault_wall],
          aquarium_window_corner, aquarium_window_fake, aquarium_view_2d,
          aquarium_balcony_3b, serial_shops,
          nicolae_shop_temple_entry_statues_fountains, uniq_terence

Skill      XL: |  1  2 |
---------------+-------+-----
Dodging        | 3 |  3.0
Fighting       | |  1.7
Ranged Weapons | |  4.8
Stealth        | |  1.7
Spellcasting   | |  0.3

Action                   || total
-------------------------++-------
Melee: Short sword       ||     8
       Long sword        ||     3
 Fire: Shortbow          ||    55
 Cast: Freeze            ||     1
Armor: Robe              ||     3
Dodge: Dodged            ||    24
